 Dungeon Crawl Stone Soup version 0.17-a0-1-g1f4be75 (webtiles) character file.

98 McCoppin the Poker (level 4, -1/33 HPs)
             Began as a Merfolk Skald on Mar 5, 2015.
             Slain by a worm (11 damage)
             ... on level 2 of the Dungeon.
             The game lasted 00:13:49 (1839 turns).

McCoppin the Poker (Merfolk Skald)                  Turns: 1839, Time: 00:13:49

Health: -1/33      AC:  3    Str: 12    XL:     4   Next: 69%
Magic:  8/8        EV: 11    Int: 11    God:
Gold:   85         SH:  0    Dex: 14    Spells: 1 memorised, 6 levels left

rFire  . . .     SeeInvis .     a - +0 spear
rCold  . . .     Clarity  .     b - +0 leather armour
rNeg   + . .     SustAb   .     (no shield)
rPois  .         Gourm    .     (no helmet)
rElec  .         Spirit   .     (no cloak)
rCorr  .         Warding  +     (no gloves)
rMut   .         Stasis   .     (no boots)
MR     .....                    o - amulet of warding
Stlth  +.........               (no ring)
                                (no ring)

@: not resistant to hostile enchantments, very unstealthy
A: change form in water, swift swim
a: no special abilities


You were on level 2 of the Dungeon.
You were not hungry.

You visited 1 branch of the dungeon, and saw 2 of its levels.

You collected 85 gold pieces.

Inventory:

Hand weapons
 a - a +0 spear (weapon)
Missiles
 f - 5 needles of paralysis
Armour
 b - a +0 leather armour (worn)
 g - a +0 large shield
Jewellery
 o - an amulet of warding (around neck)
Magical devices
 p - a wand of random effects (35)
Scrolls
 h - a scroll of amnesia {unknown}
 j - a scroll of teleportation {unknown}
 m - 3 scrolls of identify {unknown}
 n - 2 scrolls of remove curse {unknown}
 q - a scroll of recharging {unknown}
Potions
 e - a potion of curing {unknown}
 k - a potion of lignification {unknown}
 l - 2 potions of brilliance {unknown}
 s - a potion of poison {unknown}
Books
 c - a book of Battle

   Spells                             Type                      Level
   a - Infusion                       Charms                       1
   b - Shroud of Golubria             Charms/Translocation         2
   c - Song of Slaying                Charms                       2
   d - Spectral Weapon                Hexes/Charms                 3
   e - Regeneration                   Charms/Necromancy            3
Comestibles
 d - 4 bread rations
 i - 2 meat rations
 r - a chunk of flesh


   Skills:
 - Level 2.1 Fighting
 - Level 6.0 Polearms
 - Level 0.6 Armour
 - Level 1.3 Dodging
 + Level 2.3 Spellcasting
 + Level 3.8 Charms


You had 6 spell levels left.
You knew the following spells:

 Your Spells              Type           Power        Failure   Level  Hunger
a - Infusion              Chrm           #.....       10%         1    ##.....


Dungeon Overview and Level Annotations

Branches:
Dungeon (2/15)

Altars:
Makhleb
Ru
Vehumet


Message History

The worm is heavily wounded.
You barely miss the worm.
The worm is heavily wounded.
The worm bites you!
You completely miss the worm.
The worm is heavily wounded.
You hit the worm.
The worm is heavily wounded.
The worm closely misses you.
You hit the worm.
The worm is heavily wounded.
You hit the worm.
The worm is severely wounded.
The worm bites you.
You barely miss the worm.
The worm is severely wounded.
You hit the worm.
The worm is almost dead.
The worm bites you!
You die...

#...###........≈♣P≈
##....).##......♣♣♣
#..###.###.##### ♣
##..###.# #.# #
#.......# ..# #
#...#####.#########
#..........# #.....
#>...####### #.##..
#.@w.# #.....
#....# #.....
#.#..... #(..##
.......... #....#
.$.########
###..... ....#
..#..... #....#
#.#..... ....
#.#..... ### ###
#.####.#


You could see a worm.

Vanquished Creatures
  Ijyb (D:2)
  Jessica (D:2)
  An adder (D:2)
  A worm (D:2)
  A giant gecko (D:2)
  3 oozes
  2 ball pythons
  6 bats
  3 giant cockroaches
  6 goblins
  4 hobgoblins
  7 kobolds
  A quokka (D:2)
  5 rats
42 creatures vanquished.

Notes
Turn   | Place    | Note
--------------------------------------------------------------
     0 | D:1      | McCoppin, the Merfolk Skald, began the quest for the Orb.
     0 | D:1      | Reached XP level 1. HP: 16/16 MP: 3/3
   189 | D:1      | Reached skill level 4 in Polearms
   189 | D:1      | Reached XP level 2. HP: 22/22 MP: 4/4
   714 | D:2      | Reached skill level 5 in Polearms
   714 | D:2      | Reached XP level 3. HP: 25/27 MP: 6/6
   746 | D:2      | Noticed Ijyb
   759 | D:2      | Killed Ijyb
   831 | D:2      | Found a radiant altar of Vehumet.
   834 | D:2      | Found a burning altar of Makhleb.
   984 | D:2      | Reached skill level 6 in Polearms
  1275 | D:2      | Reached XP level 4. HP: 33/33 MP: 7/7
  1562 | D:2      | Found a sacrificial altar of Ru.
  1627 | D:2      | Noticed Jessica
  1646 | D:2      | Killed Jessica
  1839 | D:2      | Slain by a worm

Action                   |  1- 3 |  4- 6 || total
-------------------------+-------+-------++-------
Melee: Spear             |   144 |    67 ||   211
 Cast: Infusion          |     2 |     1 ||     3
  Eat: Chunk             |       |     3 ||     3
